 Dungeon Crawl Stone Soup version 0.18-a0-1014-g3bbf375 (webtiles) character file.

6701 Duffy the Cleaver (level 10, -5/136 HPs)
             Began as a Deep Dwarf Berserker on Jan 6, 2016.
             Was a High Priest of Trog.
             Slain by a ten-headed hydra (9 damage)
             ... on level 11 of the Dungeon.
             The game lasted 00:14:48 (7085 turns).

Duffy the Cleaver (Deep Dwarf Berserker)            Turns: 7085, Time: 00:14:49

Health: -5/136     AC: 17    Str: 26    XL:     10   Next: 74%
Magic:  9/9        EV:  9    Int:  8    God:    Trog [*****.]
Gold:   494        SH:  0    Dex: 18    Spells: 0 memorised, 9 levels left

rFire  . . .     SeeInvis .     H - +0 war axe
rCold  . . .     Gourm    .     O - +0 plate armour
rNeg   . . .     Faith    .     (no shield)
rPois  .         Spirit   .     s - +0 helmet
rElec  .         Dismiss  .     L - +0 cloak
rCorr  .         Reflect  .     (no gloves)
SustAt .         Harm     .     (no boots)
MR     +....                    (no amulet)
Stlth  ..........               (no ring)
                                J - +3 ring of dexterity

@: berserking, non-regenerating, very quick, somewhat resistant to hostile
enchantments, extremely unstealthy
A: damage resistance, recharge devices, sense surroundings 2, slow regeneration
3
a: Device Recharging, Berserk, Trog's Hand, Brothers in Arms, Burn Spellbooks,
Renounce Religion


You were on level 11 of the Dungeon.
You worshipped Trog.
Trog was extremely pleased with you.
You were not hungry.

You visited 1 branch of the dungeon, and saw 11 of its levels.

You collected 494 gold pieces.


Innate Abilities, Weirdness & Mutations

You are resistant to damage.
You can recharge devices by infusing magical energy.
You passively map the area around you.
You do not regenerate naturally.


   Skills:
 + Level 6.2 Fighting
 + Level 13.8 Axes
 - Level 9.4 Armour
 - Level 2.2 Dodging


You had 9 spell levels left.
You didn't know any spells.

Inventory:

Hand Weapons
 a - a +0 hand axe
 r - a +2 hand axe of flaming
 H - a +0 war axe (weapon)
Missiles
 f - 28 poisoned needles
Armour
 b - a +0 animal skin
 h - a +0 ring mail
 p - a +2 shield
 s - a +0 helmet (worn)
 I - a +0 chain mail
 L - a +0 cloak (worn)
 O - a +0 plate armour (worn)
Jewellery
 J - a +3 ring of dexterity (left hand)
Wands
 c - a wand of heal wounds (0/9)
 y - a wand of heal wounds (7/9)
 B - a wand of fireball (7/15)
Scrolls
 e - 6 scrolls of remove curse
 g - a scroll of enchant armour {unknown}
 j - 2 scrolls of recharging {unknown}
 k - 4 scrolls of immolation
 o - a scroll of amnesia {unknown}
 q - a scroll of blinking {unknown}
 t - 3 scrolls of teleportation
 v - a scroll of magic mapping {unknown}
 C - a scroll of fog {unknown}
 G - a scroll of holy word {unknown}
Potions
 l - 2 potions of invisibility
 n - 7 potions of curing
 w - a potion of mutation {unknown}
 z - a potion of might {unknown}
 A - a potion of resistance {unknown}
 D - a potion of degeneration {unknown}
 E - 3 potions of flight
 F - a potion of haste {unknown}
 K - a potion of ambrosia {unknown}
 M - a potion of berserk rage {unknown}
 N - a potion of brilliance {unknown}
 Q - a potion of lignification {unknown}
Comestibles
 d - 5 bread rations
 i - 5 fruits
 m - 23 chunks of flesh
 u - 2 meat rations
 x - 2 beef jerkies

Dungeon Overview and Level Annotations

Branches:
Dungeon (11/15)            Temple (0/1) D:4            Lair (0/8) D:11
    Orc (0/2) D:9

Altars:
Okawaru
Pakellas
Trog
Vehumet

Shops:
D:8 }   D:10 %


Message History

The six-headed hydra bites you but does no damage.
You chop one of the six-headed hydra's heads off!
The five-headed hydra grows two more!
You slice the seven-headed hydra!!
The seven-headed hydra is moderately wounded.
You chop one of the seven-headed hydra's heads off!
The six-headed hydra grows two more!
You hit the eight-headed hydra.
The eight-headed hydra is moderately wounded.
The eight-headed hydra bites you but does no damage.
The eight-headed hydra bites you!
The eight-headed hydra barely misses you. x2
The eight-headed hydra bites you!
The eight-headed hydra closely misses you.
The eight-headed hydra bites you.
The eight-headed hydra bites you but does no damage.
You slice one of the eight-headed hydra's heads off!
The seven-headed hydra grows two more!
You hit the nine-headed hydra.
The nine-headed hydra is moderately wounded.
You hack one of the nine-headed hydra's heads off!
The eight-headed hydra grows two more!
You slash the ten-headed hydra!
The ten-headed hydra is moderately wounded.
The ten-headed hydra bites you but does no damage.
The ten-headed hydra completely misses you.
The ten-headed hydra bites you but does no damage.
The ten-headed hydra bites you! The ten-headed hydra bites you.
The ten-headed hydra bites you but does no damage. x2
The ten-headed hydra barely misses you. The ten-headed hydra bites you.
The ten-headed hydra bites you but does no damage.
The white imp laughs crazily.
You barely miss the ten-headed hydra.
The ten-headed hydra is lightly wounded.
The ten-headed hydra bites you. x2
The ten-headed hydra bites you but does no damage.
The ten-headed hydra bites you! The ten-headed hydra bites you.
The ten-headed hydra bites you!
You die...

,,, , , * #....... *
,,, , , , #....... , *
, , ##.....# , , ,, ,
#...### , , * * ,, ,,
#### ,, ** , , , , ###
, * ,, , ...5Z#####
### ,, ...yyHD@.######
#.## , ~
..######....).####..##
,, ######........### ~
, #####....... , ~~
#......... ~ ,
#........# , , *
#..\.....# , ,
#......... , * *
#.........


You could see a ten-headed hydra, a hippogriff, 2 killer bees, a white imp and a
killer bee simulacrum.

Action                   |  1- 3 |  4- 6 |  7- 9 | 10-12 || total
-------------------------+-------+-------+-------+-------++-------
Melee: Hand axe          |   146 |    61 |       |       ||   207
       War axe           |       |    46 |   369 |   142 ||   557
Invok: Berserk           |     3 |     9 |    15 |     8 ||    35
 Abil: Device Recharging |       |       |     1 |       ||     1
Evoke: Wand              |       |       |     7 |     3 ||    10
  Use: Scroll            |     1 |       |     8 |       ||     9
       Potion            |       |       |     1 |       ||     1
 Stab: Sleeping          |     1 |       |       |       ||     1
       Distracted        |       |       |       |     1 ||     1
  Eat: Chunk             |     3 |    14 |    27 |     9 ||    53
       Pizza             |       |       |       |     2 ||     2

Notes
Turn   | Place    | Note
--------------------------------------------------------------
     0 | D:1      | Duffy the Deep Dwarf Berserker began the quest for the Orb.
     0 | D:1      | Reached XP level 1. HP: 20/20 MP: 1/1
   243 | D:1      | Reached skill level 3 in Fighting
   243 | D:1      | Reached XP level 2. HP: 24/28 MP: 2/2
   481 | D:1      | Reached skill level 4 in Axes
   695 | D:2      | Reached ** piety under Trog
   695 | D:2      | Reached XP level 3. HP: 21/34 MP: 3/3
   758 | D:2      | Found a radiant altar of Vehumet.
  1313 | D:3      | Reached skill level 5 in Axes
  1313 | D:3      | Reached XP level 4. HP: 34/42 MP: 4/4
  1829 | D:4      | Noticed an ogre
  1840 | D:4      | Killed an ogre
  1840 | D:4      | Reached *** piety under Trog
  1840 | D:4      | Reached skill level 6 in Axes
  1840 | D:4      | Reached XP level 5. HP: 39/49 MP: 5/5
  1924 | D:4      | Found a staircase to the Ecumenical Temple.
  1995 | D:4      | Reached skill level 7 in Axes
  2090 | D:4      | Reached XP level 6. HP: 26/56 MP: 6/6
  2255 | D:5      | Entered Level 5 of the Dungeon
  2535 | D:5      | Found an oddly glowing altar of Pakellas.
  2551 | D:5      | Reached skill level 8 in Axes
  2650 | D:5      | Found an iron altar of Okawaru.
  2712 | D:5      | Noticed an ice beast
  2726 | D:5      | Killed an ice beast
  2726 | D:5      | Reached XP level 7. HP: 23/62 MP: 7/7
  3025 | D:6      | Reached skill level 9 in Axes
  3228 | D:6      | Found a bloodstained altar of Trog.
  3836 | D:7      | Reached skill level 3 in Armour
  3844 | D:7      | Reached skill level 4 in Armour
  3902 | D:7      | Reached XP level 8. HP: 20/69 MP: 8/8
  4001 | D:7      | You fall through a shaft for 2 floors!
  4001 | D:9      | Noticed a troll
  4005 | D:9      | Killed a troll
  4005 | D:9      | Reached skill level 10 in Axes
  4005 | D:9      | Reached skill level 5 in Armour
  4090 | D:9      | Reached **** piety under Trog
  4136 | D:9      | Found a staircase to the Orcish Mines.
  4157 | D:9      | Reached skill level 6 in Armour
  4583 | D:8      | Reached skill level 11 in Axes
  4635 | D:8      | Reached skill level 7 in Armour
  4788 | D:7      | Gained mutation: You passively map the area around you. [Deep Dwarf growth]
  4788 | D:7      | Reached XP level 9. HP: 48/75 MP: 8/8
  4877 | D:7      | You fall through a shaft for 3 floors!
  4877 | D:10     | Entered Level 10 of the Dungeon
  5071 | D:7      | Noticed Pikel
  5085 | D:7      | Killed Pikel
  5085 | D:7      | Reached skill level 8 in Armour
  5115 | D:7      | Reached ***** piety under Trog
  5115 | D:7      | Reached skill level 12 in Axes
  5131 | D:7      | Reached skill level 9 in Armour
  5764 | D:8      | Found Wehunkoe's Gadget Shop.
  6035 | D:9      | Noticed a troll
  6059 | D:9      | Killed a troll
  6059 | D:9      | Reached XP level 10. HP: 77/84 MP: 9/9
  6417 | D:10     | Noticed a hill giant
  6427 | D:10     | Killed a hill giant
  6427 | D:10     | Reached skill level 4 in Fighting
  6479 | D:10     | Reached skill level 13 in Axes
  6667 | D:10     | Found Dojag's Food Shop.
  6799 | D:11     | Noticed an elephant
  6800 | D:11     | Found a staircase to the Lair.
  6812 | D:11     | Killed an elephant
  6812 | D:11     | Reached skill level 5 in Fighting
  7034 | D:11     | Reached skill level 6 in Fighting
  7074 | D:11     | Noticed a four-headed hydra
  7085 | D:11     | Slain by a ten-headed hydra

Vault maps used:
D:1:      tarquinn_simple_flora_water_f
D:2:      minmay_door_path, overflow_temple_1_default, first_bread,
          serial_forest, infiniplex_forest_clump_C,
          infiniplex_forest_straight_2, infiniplex_forest_lined_4_way,
          infiniplex_forest_zigzag_1, infiniplex_forest_corner_1,
          infiniplex_forest_end_3, infiniplex_forest_lined_corner,
          infiniplex_forest_end_2, infiniplex_forest_clump_cross
D:3:      minmay_misc_feat_four_crosses
D:4:      minmay_temple_entry_mist
D:5:      grunt_pakellas_basics, okawaru_altar_gauntlet_db
D:6:      bloody_trog
D:7:      uniq_pikel
D:8:      serial_shops, nicolae_shop_statue_plus
D:9:      erik_orc_3, david_nohive_1, grunt_ministairs_1,
          hangedman_abyss_or_decor_stabs
D:10:     serial_shops, nicolae_shop_window_shopping
D:11:     david_lair_generic, serial_ice, serial_ice_n, serial_ice_e,
          serial_ice_f, serial_ice_b, serial_ice_l, serial_ice_a,
          portal_ice_cave_entry_ice_statue_01

Vanquished Creatures
  A hill giant Pikel
  An elephant
  A polar bear
  2 trolls
  3 yaks
  2 wolves
  A black bear
  2 orc warriors
  2 sky beasts
  2 phantoms
  5 ice beasts
  2 necrophages
  4 slaves
  A wasp
  4 ogres
  4 centaurs
  A giant frog
  3 scorpions
  12 killer bees
  2 crimson imps
  A wyvern simulacrum
  2 giant frog zombies
  2 hounds
  4 orc priests
  3 iguanas
  3 centaur skeletons
  A giant frog skeleton
  8 orc wizards
  8 worker ants
  2 sheep
  A giant frog simulacrum
  6 gnolls
  9 adders
  2 shadow imps
  An ooze
  An adder zombie
  2 adder skeletons
  6 worms
  3 giant geckos
  35 orcs
  12 bats
  4 giant cockroaches
  8 goblins
  8 hobgoblins
  4 jackals
  A quokka
  3 ball pythons
  6 giant newts
  3 kobolds
  4 rats
209 creatures vanquished.
